 Dungeon Crawl Stone Soup version 0.17.1-1-g73c8601 (webtiles) character file.

5943 shmeve the Blocker (level 10, -1/91 HPs)
             Began as a Minotaur Fighter on Apr 15, 2016.
             Was a Believer of Trog.
             Slain by Sonja
             ... wielding a +0 short sword of distortion
              (7 damage)
             ... on level 10 of the Dungeon.
             The game lasted 00:16:54 (7420 turns).

shmeve the Blocker (Minotaur Fighter)               Turns: 7420, Time: 00:16:54

Health: -1/91      AC: 20    Str: 23    XL:     10   Next: 54%
Magic:  9/9        EV: 14    Int:  5    God:    Trog [**....]
Gold:   368        SH: 12    Dex: 11    Spells: 0 memorised, 9 levels left

rFire  . . .     SeeInvis .     a - +3 war axe
rCold  . . .     Clarity  .     u - +0 plate armour
rNeg   . . .     SustAt   .     c - +0 shield
rPois  .         Gourm    .     h - +2 hat
rElec  .         Spirit   .     d - +2 cloak {MR+}
rCorr  .         Warding  .     l - +0 pair of gloves
rMut   .         Stasis   .     (no boots)
MR     +....                    (no amulet)
Stlth  ..........               t - +3 ring of evasion
                                v - +3 ring of evasion

@: lethally poisoned (-1 -> -22), very slightly contaminated, hasted and slowed,
somewhat resistant to hostile enchantments, extremely unstealthy
A: retaliatory headbutt, horns 2
a: Berserk, Trog's Hand, Burn Spellbooks, Renounce Religion


You were on level 10 of the Dungeon.
You worshipped Trog.
Trog was pleased with you.
You were hungry.

You visited 2 branches of the dungeon, and saw 11 of its levels.

You collected 549 gold pieces.
You spent 181 gold pieces at shops.

Inventory:

Hand Weapons
 a - a +3 war axe (weapon)
Armour
 c - a +0 shield (worn)
 d - a +2 cloak of magic resistance (worn)
 h - a +2 hat (worn)
 l - a +0 pair of gloves (worn)
 u - a +0 plate armour (worn)
Jewellery
 t - a +3 ring of evasion (right hand)
 v - a +3 ring of evasion (left hand)
 H - an uncursed ring of ice
Wands
 b - a wand of random effects (13)
 C - a wand of digging (17)
 F - a wand of magic darts (19)
 L - a wand of slowing (21)
 N - a wand of cold (6)
Scrolls
 f - 5 scrolls of teleportation
 g - 8 scrolls of identify
 i - a scroll of magic mapping {unknown}
 m - a scroll of immolation
 q - 2 scrolls of fear
 y - a scroll of holy word {unknown}
 A - 3 scrolls of remove curse
 I - a scroll of noise {unknown}
Potions
 j - 3 potions of degeneration {unknown}
 k - 4 potions of curing {unknown}
 o - 3 potions of flight {unknown}
 p - 2 potions of agility {unknown}
 s - 4 potions of heal wounds {unknown}
 w - 3 potions of brilliance {unknown}
 z - a potion of berserk rage {unknown}
 B - 2 potions of cancellation {unknown}
 D - 3 potions of poison {unknown}
 E - a potion of haste
 G - a potion of ambrosia {unknown}
 K - a potion of resistance {unknown}
Miscellaneous
 M - a sack of spiders
Comestibles
 e - 5 bread rations
 n - a royal jelly
 r - 27 fruits
 x - 3 meat rations


   Skills:
 * Level 9.6 Fighting
 * Level 9.4 Axes
 + Level 4.9 Throwing
 + Level 7.6 Armour
 + Level 5.5 Dodging
 * Level 9.7 Shields


You had 9 spell levels left.
You didn't know any spells.

Dungeon Overview and Level Annotations

Branches:
Dungeon (10/15)            Temple (1/1) D:6
   Lair: D:8-11         Orc: D:9-12

Altars:
Ashenzari
Dithmenos
Fedhas
Gozag
Qazlal
Ru
Trog
Vehumet
Xom
Yredelemnul
Zin
The Shining One

Shops:
D:7 [   D:10 [

Annotations:
D:10 Sonja


Innate Abilities, Weirdness & Mutations

You reflexively headbutt those who attack you in melee.
You have a pair of horns on your head.


Message History

You see here a curare-tipped needle.
You are feeling hungry.
You feel very sick.
Sonja shoots a curare-tipped needle.
The curare-tipped needle closely misses you.
You feel very sick.
You feel very sick.
All of the chunks of flesh in your inventory have rotted away.
Your skin stops crawling.
You feel less resistant to hostile enchantments.
* * * LOW HITPOINT WARNING * * *
You feel very sick.
* * * LOW HITPOINT WARNING * * *
You feel sick.
* * * LOW HITPOINT WARNING * * *
You feel sick.
Sonja unwields an uncursed blowgun.
Sonja wields an uncursed short sword of distortion.
Its appearance distorts for a moment.
Sonja hits you with an uncursed short sword of distortion!
You die...

##.### ... $...# ...
#...# ....##...#
.)..K.$(#####
..#.####.(((# ...
#.##(# #.##K##.#
#..@.##.#
################.#
#####.......#####....#
................#'#.>#
#####.......###.'∩+.##
#####.####### ###+#.#
...##.# ..# ...##.#
### )).##.#


You could see Sonja.

Vanquished Creatures
  Fannar (D:10)
  The ghost of dadrew1 the Carver, a novice HuFi of the Shining One (D:7)
  An ugly thing (D:10)
  Psyche (D:8)
  2 hippogriffs
  Duvessa (D:5)
  3 orc warriors
  2 ice beasts
  A phantom (D:4)
  An ogre (D:7)
  2 big kobolds (D:8)
  A crocodile (D:7)
  3 centaurs
  Blork the orc (D:6)
  Dowan (D:5)
  4 giant frogs
  4 scorpions
  6 wights (D:6)
  A giant frog zombie (D:6)
  2 hounds
  7 crimson imps
  A centaur zombie (D:6)
  10 orc wizards
  A quasit (D:5)
  5 worker ants
  A giant frog skeleton (D:6)
  10 orc priests
  A jelly (D:7)
  3 centaur skeletons
  Terence (D:2)
  An iguana (D:4)
  2 hound zombies
  A worker ant zombie (D:10)
  2 shadow imps
  10 adders
  An adder zombie (D:8)
  3 oozes
  2 adder skeletons
  3 worms
  33 orcs
  3 giant cockroaches
  10 hobgoblins
  4 jackals (D:4)
  13 kobolds
  A ball python (D:2)
  3 bats
  3 giant geckos
  2 giant gecko skeletons (D:7)
  6 giant newts
  7 goblins
  6 quokkas
  A quokka skeleton (D:8)
  3 rats
199 creatures vanquished.

Notes
Turn   | Place    | Note
--------------------------------------------------------------
     0 | D:1      | shmeve the Minotaur Fighter began the quest for the Orb.
     0 | D:1      | Reached XP level 1. HP: 19/19 MP: 0/0
   129 | D:1      | Reached XP level 2. HP: 27/27 MP: 1/1
   235 | D:1      | Reached skill level 1 in Dodging
   490 | D:2      | Noticed Terence
   505 | D:2      | Killed Terence
   505 | D:2      | Reached skill level 4 in Shields
   505 | D:2      | Reached XP level 3. HP: 30/33 MP: 2/2
   619 | D:2      | Reached skill level 1 in Throwing
   627 | D:2      | Reached XP level 4. HP: 27/40 MP: 3/3
  1622 | D:3      | Reached XP level 5. HP: 45/47 MP: 4/4
  2163 | D:4      | Found a shattered altar of Ashenzari.
  2212 | D:4      | Reached skill level 5 in Shields
  2212 | D:4      | Reached XP level 6. HP: 38/53 MP: 5/5
  2408 | D:4      | Found a stormy altar of Qazlal.
  2521 | D:4      | Noticed a phantom
  2571 | D:4      | Killed a phantom
  3183 | D:5      | Entered Level 5 of the Dungeon
  3202 | D:5      | Reached skill level 5 in Fighting
  3209 | D:5      | Reached XP level 7. HP: 59/61 MP: 6/6
  3218 | D:5      | Got a smoking mace
  3219 | D:5      | Identified the +4 mace "Suuce" {crush, +Blink} (You found it on level 5 of the Dungeon)
  3331 | D:5      | Reached skill level 5 in Axes
  3343 | D:5      | Reached skill level 5 in Armour
  3493 | D:5      | Reached skill level 6 in Shields
  3584 | D:5      | Noticed Duvessa
  3585 | D:5      | Noticed Dowan
  3592 | D:5      | Killed Duvessa
  3616 | D:5      | Killed Dowan
  4179 | D:6      | Reached XP level 8. HP: 70/70 MP: 7/7
  4273 | D:6      | Found a shadowy altar of Dithmenos.
  4406 | D:6      | Reached skill level 7 in Shields
  4757 | D:6      | Noticed Blork the orc
  4762 | D:6      | Killed Blork the orc
  4801 | D:6      | Found a basalt altar of Yredelemnul.
  4845 | D:6      | Found a staircase to the Ecumenical Temple.
  4858 | Temple   | Entered the Ecumenical Temple
  4869 | Temple   | Became a worshipper of Trog the Wrathful
  4991 | D:7      | Found Votutyok's Armour Boutique.
  4992 | D:7      | Reached XP level 9. HP: 75/79 MP: 8/8
  4996 | D:7      | Bought a +1 cloak of magic resistance for 181 gold pieces
  5146 | D:7      | Noticed dadrew1's ghost (novice HuFi)
  5160 | D:7      | Killed dadrew1's ghost
  5160 | D:7      | Reached skill level 8 in Fighting
  5310 | D:7      | Reached * piety under Trog
  5701 | D:8      | Found a glowing silver altar of Zin.
  5830 | D:8      | Noticed Psyche
  5841 | D:8      | Killed Psyche
  5841 | D:8      | Reached skill level 5 in Dodging
  5841 | D:8      | Reached skill level 9 in Shields
  6076 | D:8      | Found a sacrificial altar of Ru.
  6076 | D:8      | Found a blossoming altar of Fedhas.
  6238 | D:9      | Reached ** piety under Trog
  6240 | D:9      | Reached XP level 10. HP: 86/90 MP: 9/9
  7071 | D:10     | Entered Level 10 of the Dungeon
  7135 | D:10     | Noticed Fannar
  7155 | D:10     | Killed Fannar
  7201 | D:10     | Noticed a red ugly thing
  7213 | D:10     | Killed a red ugly thing
  7398 | D:10     | Found Cigare's Armour Shop.
  7408 | D:10     | Noticed Sonja
  7420 | D:10     | Slain by Sonja

Action                   |  1- 3 |  4- 6 |  7- 9 | 10-12 || total
-------------------------+-------+-------+-------+-------++-------
Melee: War axe           |    59 |   145 |   301 |    73 ||   578
Invok: Burn Spellbooks   |       |       |     2 |     2 ||     4
       Berserk           |       |       |       |     2 ||     2
       Trog's Hand       |       |       |       |     2 ||     2
  Use: Potion            |       |     1 |       |     1 ||     2
       Scroll            |       |       |    14 |     2 ||    16
  Eat: Chunk             |       |     7 |     9 |     6 ||    22
       Pizza             |       |       |     1 |       ||     1
